 Dungeon Crawl Stone Soup version 0.27-a0-1189-gb8eb6cee8e (webtiles) character file.

Game seed: 5159317245531737018

0 Gargoyl the Skirmisher (level 1, -2/23 HPs)
             Began as a Gnoll Abyssal Knight on May 23, 2021.
             Was a Follower of Lugonu.
             Slain by a thrashing horror (8 damage)
             ... on level 2 of the Abyss.
             The game lasted 00:00:30 (184 turns).

Gargoyl the Skirmisher (Gnoll Abyssal Knight)        Turns: 184, Time: 00:00:31

Health: -2/23      AC:  3    Str: 11    XL:     1   Next: 0%
Magic:  3/3        EV: 11    Int: 11    God:    Lugonu [*.....]
Gold:   72         SH:  0    Dex: 11    Spells: 0/0 levels left

rFire    . . .     SeeInvis .   a - +1 hand axe
rCold    . . .     Faith    .   (no shield)
rNeg     . . .     Spirit   .   b - +0 leather armour
rPois    .         Reflect  .   (no helmet)
rElec    .         Harm     .   (no cloak)
rCorr    .         Rampage  .   (no gloves)
Will     .....                  (no boots)
Stlth    +.........             (no amulet)
HPRegen  0.07/turn              (no ring)
MPRegen  0.08/turn              (no ring)

@: flying
A: fangs 1, strong nose, distributed training
a: Renounce Religion, Depart the Abyss


You were on level 2 of the Abyss.
You worshipped Lugonu.
Lugonu was aware of your devotion.
You visited 0 branches of the dungeon, and saw 0 of its levels.
You visited the Abyss 1 time.

You collected 72 gold pieces.

Inventory:

Hand Weapons
 a - a +1 hand axe (weapon)
Armour
 b - a +0 leather armour (worn)
Potions
 c - a potion of flight


   Skills:
 + Level 6.4 Fighting
 + Level 0.0 Short Blades
 + Level 0.0 Long Blades
 + Level 4.4 Axes
 + Level 0.0 Maces & Flails
 + Level 0.0 Polearms
 + Level 0.0 Staves
 + Level 0.0 Slings
 + Level 0.0 Bows
 + Level 0.0 Crossbows
 + Level 0.0 Throwing
 + Level 4.4 Armour
 + Level 2.3 Dodging
 + Level 0.0 Stealth
 + Level 0.0 Shields
 + Level 0.0 Unarmed Combat
 + Level 0.0 Spellcasting
 + Level 0.0 Conjurations
 + Level 0.0 Hexes
 + Level 0.0 Summonings
 + Level 0.0 Necromancy
 + Level 0.0 Translocations
 + Level 0.0 Transmutations
 + Level 0.0 Fire Magic
 + Level 0.0 Ice Magic
 + Level 0.0 Air Magic
 + Level 0.0 Earth Magic
 + Level 0.0 Poison Magic
 + Level 4.4 Invocations
 + Level 0.0 Evocations


You couldn't memorise any spells.
You didn't know any spells.
Your spell library was empty.

Dungeon Overview and Level Annotations

Branches:
Dungeon (0/15)

Altars:


Innate Abilities, Weirdness & Mutations

You have very sharp teeth.
Your uncanny sense of smell can sniff out nearby items.
Your experience applies equally to all skills.


Message History

It is a scroll of amnesia.
You feel forgetful for a moment.
As you read the scroll labelled FOUDGH XOUVE, it crumbles to dust.
You assume a fearsome visage.
Nothing appears to happen.
It was a scroll of fear.
You enter the shallow water.
Moving in this stuff is going to be slow.
c - a sapphire potion
Found a whip.
A tentacled starspawn comes into view.
Found 36 gold pieces.
You see here a sapphire potion.
A tentacled starspawn is nearby!
c - 2 sapphire potions (gained 1)
A tentacle flies out from the starspawn's body!
A starspawn tentacle comes into view.
It was a potion of flight.
You feel very buoyant.
You fly up into the air.
The starspawn tentacle grabs you. The starspawn tentacle constricts you.
A starspawn tentacle comes into view.
You escape the starspawn tentacle's grasp.
A thrashing horror comes into view.
The thrashing horror roars!
The thrashing horror tramples you.
You are shoved backwards!
The thrashing horror tramples you.
You are shoved backwards!
A wight comes into view.
It is wielding a +5 great sword of freezing.
A wight comes into view. It is wielding a +0 vorpal spear.
The thrashing horror tramples you.
You hold your ground!
The thrashing horror tramples you.
You hold your ground!
The thrashing horror barely misses you. x2
The thrashing horror barely misses you. The thrashing horror misses you.
Tentacles burst from the starspawn's body! 2 starspawn tentacles come into view.
A large abomination comes into view.
The thrashing horror roars!
The thrashing horror tramples you.
* * * LOW HITPOINT WARNING * * *
You hold your ground!
The thrashing horror tramples you!
You die...

#..##. #...# .# . .
#..#.## ###.... . ..
#.≈.#≈≈#.##.##.. . ≈.
. ##≈≈..##...### ##..
....#..≈≈#≈....##...#.
. #........ ♣♣..#....
.. #
#≈.....#.###w.##.#....
.#
#≈....#.#.wX#.#.....##
#
#.....@..#.≈.....≈≈≈8.
. #X.##..#X#.....≈.
≈.. ≈ .
###...#......#..≈≈≈ ≈≈
.#..#.#...##...≈..≈
.....#..###..#...≈≈.
≈≈ ∆.#..#....
...≈#..≈. ≈ .........∆
.#...≈.≈≈.. .#.#..z.
#.....≈.. ....z. .
.≈.≈≈. #≈


You could see a tentacled starspawn, a thrashing horror, a large abomination and
2 starspawn tentacles.

Vanquished Creatures (others)
  2 starspawn tentacles (Abyss:2)
2 creatures vanquished.

Notes
Turn   | Place    | Note
-------+----------+-------------------------------------------
     0 | Abyss:1  | Gargoyl the Gnoll Abyssal Knight began the quest for the
                  | Orb.
     0 | Abyss:1  | Reached XP level 1. HP: 23/23 MP: 3/3
   159 | Abyss:2  | Noticed a tentacled starspawn
   177 | Abyss:2  | Noticed a thrashing horror
   181 | Abyss:2  | Noticed a wight
   182 | Abyss:2  | Noticed a wight
   184 | Abyss:2  | Noticed a large abomination
   184 | Abyss:2  | Slain by a thrashing horror

Illustrated notes

Levels and vault maps discovered:
Abyss:2:  base:
Temple

Action                   || total
-------------------------++-------
  Use: Scroll            ||     2
       Potion            ||     1
Dodge: Dodged            ||     4

Table legend: (Time is in decaauts)
 A = Elapsed time spent in this place.
 B = Non-inter-level travel time spent in this place.
 C = Inter-level travel time spent in this place.
 D = Time resting spent in this place.
 E = Time spent auto-exploring this place.
 F = Levels seen in this place.
 G = Mean time per level.
                   A        B        C        D        E       F      G
               +--------+--------+--------+--------+--------+-----+--------+
         Total |    185 |    185 |      0 |      0 |    128 |   2 |   92.5 |
         Abyss |    185 |    185 |      0 |      0 |    128 |   2 |   92.5 |
               +--------+--------+--------+--------+--------+-----+--------+

Top non-repeatable levels by time:
 Abyss:1: 106 daAuts
 Abyss:2: 79 daAuts
